 Dungeon Sprint DCSS version 0.29-a0-418-gc0181ea820 (webtiles) character file.

Game seed: 835819139193866202

3500000 Zeld the Intangible (level 20, -17/181 HPs)
             Began as a Djinni Monk on May 17, 2022.
             Was the Champion of Makhleb.
             Demolished by a meat berserker
             ... wielding a +9 battleaxe
              (72 damage)
             ... in the Dungeon (Sprint VIII: "Arena of Blood").
             The game lasted 00:00:57 (35 turns).

Zeld the Intangible (Djinni Monk)                     Turns: 35, Time: 00:00:58

Health: -17/181    AC:  2    Str: 16    XL:     20   Next: 13%
Gold:   0          EV: 28    Int: 15    God:    Makhleb [******] SH:  0 Dex: 16

rFire   + + .      SeeInvis .   h - +∞ Axe of Woe
rCold   x . .      Faith    .   (shield currently unavailable)
rNeg    . . .      Spirit   .   a - +0 robe
rPois   ∞          Reflect  .   (no helmet)
rElec   .          Harm     .   (no cloak)
rCorr   .          Rampage  .   (no gloves)
Will    ++...      NoTele   +   (boots unavailable)
Stlth   ++++++....              (no amulet)
HPRegen 0.40/turn               (no ring)
MPRegen 0.00/turn               (no ring)

@: death channelling, flying
A: sickness immunity, fire resistance 2, cold vulnerability 1, float, innate
caster, HP casting, extra vitality 1
a: Renounce Religion, Minor Destruction, Lesser Servant of Makhleb, Major
Destruction, Greater Servant of Makhleb


You were in the Dungeon.
You worshipped Makhleb.
Makhleb was exalted by your worship.
You visited 1 branch

Inventory:

Hand Weapons
 h - the +∞ Axe of Woe (weapon)
   (You found it in the Dungeon)
Armour
 a - a +0 robe (worn)
Scrolls
 g - a scroll of blinking
Potions
 b - a potion of ambrosia
 c - a potion of curing
 d - a potion of heal wounds
 e - a potion of haste
 f - a potion of berserk rage


   Skills:
 O Level 27 Fighting
 O Level 27 Axes
 O Level 27 Dodging
 + Level 16.4 Stealth
 - Level 23.4 Unarmed Combat
 * Level 26.1 Spellcasting


You had 33 spell levels left.
You knew the following spells:

 Your Spells              Type           Power      Damage    Failure   Level
a - Sandblast             Erth           100%       2d20      0%          1
b - Poisonous Vapours     Pois/Air       100%       N/A       0%          2
c - Ignite Poison         Fire/Tmut/Pois 78%        N/A       0%          3
d - Mephitic Cloud        Conj/Pois/Air  78%        N/A       0%          3
e - Petrify               Tmut/Erth      78%        N/A       0%          4
f - Yara's Violent Unrav  Hex/Tmut       39%        3d16      0%          5
g - Death Channel         Necr           39%        N/A       0%          6
h - Summon Hydra          Summ           39%        N/A       1%          7
i - Ozocubu's Refrigerat  Ice            39%        4d12      1%          7
Your spell library was empty.

Dungeon Overview and Level Annotations

Branches:
Dungeon (1/1)

Altars:
Makhleb


Innate Abilities, Weirdness & Mutations

You are immune to sickness and miasma.
You are immune to poison.
Your flesh is very heat resistant. (rF++)
You are vulnerable to cold. (rC-)
You float through the air rather than walking.
You learn spells naturally, not from books.
Your magical power is your life essence.
You have superior vitality. (+4 MHP)


Message History

You kill the bag of meat!
Makhleb accepts your kill.
You feel better.
You slash the meat berserker!
You chop the meat berserker into pieces.
You kill the meat berserker!
Makhleb accepts your kill.
You feel better.
A glowing mist starts to gather... x2
You hear a shout! x6
The eight-headed meat hydra is engulfed in blazing flames.
The eight-headed meat hydra calls on the powers of darkness!
The eight-headed meat hydra convulses!
The large bag of meat convulses!
Flame seeps out of the large bag of meat.
The large bag of meat convulses!
Flame seeps out of the large bag of meat.
The meat berserker convulses!
Your body is wracked with pain!
The large bag of meat convulses!
Flame seeps out of the large bag of meat.
The large bag of meat is engulfed in blazing flames.
The large bag of meat hits your spectral bag of meat with a +9 giant spiked club!!!! x2
You hear a shout!
Your spectral bag of meat hits the large bag of meat but does no damage.
You hear a shout! x3
Your Spellcasting skill increases to level 26!
You have reached level 20!
You feel agile.
Unknown command.
Unknown command.
Unknown command.
You hear a shout! x4
The large bag of meat is engulfed in blazing flames.
The large bag of meat hits your spectral meat berserker with a +9 giant spiked club!!!! x2
You hear a shout! x4
The large bag of meat is engulfed in blazing flames.
The destroyer hits your spectral bag of meat with a +9 vorpal great sword!!!!!
Your spectral bag of meat is destroyed!
The eight-headed meat hydra is engulfed in blazing flames.
You hear a shout!
Your spectral meat berserker barely misses the large bag of meat.
The meat berserker hits you with a +9 battleaxe!!!!
You die...

.. .o.. .. ...
#. ..# #.. ..# .
.###.. ..###..
......###.......
.o...VO_........
....#.))).#....
. #ZZ@)_# .


#zOZ.O# .zo.O_..D°. ....zo###.§.... .###.. ..###. #.. ..# #.. ..# .. .. You
could see an eight-headed meat hydra, a destroyer, 3 sculptors of flesh, 3 large
bags of meat, a meat berserker (berserk), 2 bags of meat, a friendly spectral
bag of meat and 2 friendly spectral meat berserkers.

Vanquished Creatures
  2 vampire knights (D)
  10 ogres (D)
  13 orcs (D)
25 creatures vanquished.

Notes
Turn   | Place    | Note
-------+----------+-------------------------------------------
     0 | D        | Found the +∞ Axe of Woe
     0 | D        | Zeld the Djinni Monk began the quest for the Orb.
     0 | D        | Reached XP level 1. HP: 20/20 MP: 0/0
     2 | D        | Noticed a meat berserker
     4 | D        | Became a worshipper of Makhleb the Destroyer
     4 | D        | Reached * piety under Makhleb
     4 | D        | Reached ** piety under Makhleb
     5 | D        | Noticed a bag of meat
     6 | D        | Killed a meat berserker
     6 | D        | Noticed a bag of meat
     6 | D        | Noticed a bag of meat
     6 | D        | Noticed a meat berserker
     7 | D        | Reached XP level 2. HP: 46/46 MP: 0/0
     7 | D        | Reached XP level 3. HP: 51/51 MP: 0/0
     7 | D        | Learned a level 1 spell: Sandblast
     7 | D        | Reached XP level 4. HP: 58/58 MP: 0/0
     7 | D        | Reached XP level 5. HP: 64/64 MP: 0/0
     7 | D        | Learned a level 2 spell: Poisonous Vapours
     7 | D        | Reached XP level 6. HP: 70/70 MP: 0/0
     7 | D        | Reached XP level 7. HP: 76/76 MP: 0/0
     7 | D        | Learned a level 3 spell: Ignite Poison
     7 | D        | Reached XP level 8. HP: 82/82 MP: 0/0
     7 | D        | Reached XP level 9. HP: 87/87 MP: 0/0
     7 | D        | Learned a level 3 spell: Mephitic Cloud
     7 | D        | Reached XP level 10. HP: 94/94 MP: 0/0
     7 | D        | Reached XP level 11. HP: 100/100 MP: 0/0
     7 | D        | Learned a level 4 spell: Petrify
     7 | D        | Reached XP level 12. HP: 106/106 MP: 0/0
     7 | D        | Noticed a bag of meat
     9 | D        | Killed a meat berserker
     9 | D        | Noticed a bag of meat
     9 | D        | Noticed a bag of meat
     9 | D        | Noticed a meat berserker
    10 | D        | Reached skill level 5 in Axes
    10 | D        | Reached skill level 1 in Spellcasting
    10 | D        | Reached XP level 13. HP: 117/117 MP: 0/0
    10 | D        | Learned a level 5 spell: Yara's Violent Unravelling
    10 | D        | Killed a bag of meat
    11 | D        | Reached XP level 14. HP: 125/125 MP: 0/0
    11 | D        | Killed a bag of meat
    11 | D        | Reached *** piety under Makhleb
    11 | D        | Killed a bag of meat
    11 | D        | Noticed a bag of meat
    11 | D        | Noticed a bag of meat
    12 | D        | Killed a meat berserker
    12 | D        | Noticed a meat berserker
    13 | D        | Reached XP level 15. HP: 91/138 MP: 0/0
    13 | D        | Learned a level 6 spell: Death Channel
    13 | D        | Reached **** piety under Makhleb
    13 | D        | Noticed a meat berserker
    14 | D        | Reached skill level 10 in Axes
    16 | D        | Killed a meat berserker
    17 | D        | Reached skill level 10 in Stealth
    17 | D        | Reached XP level 16. HP: 145/149 MP: 0/0
    17 | D        | Noticed a meat berserker
    17 | D        | Noticed a meat berserker
    18 | D        | Killed a meat berserker
    18 | D        | Reached ***** piety under Makhleb
    18 | D        | Noticed a meat berserker
    18 | D        | Noticed a destroyer
    19 | D        | Reached skill level 27 in Fighting
    19 | D        | Reached skill level 15 in Axes
    19 | D        | Reached skill level 27 in Dodging
    19 | D        | Reached XP level 17. HP: 160/160 MP: 0/0
    19 | D        | Learned a level 7 spell: Summon Hydra
    20 | D        | Noticed a meat berserker
    21 | D        | Killed a meat berserker
    21 | D        | Killed a meat berserker
    22 | D        | Reached XP level 18. HP: 167/167 MP: 0/0
    24 | D        | Noticed a destroyer
    24 | D        | Noticed a large bag of meat
    25 | D        | Noticed a meat berserker
    25 | D        | Noticed a meat berserker
    26 | D        | Killed a meat berserker
    27 | D        | Reached ****** piety under Makhleb
    27 | D        | Noticed a large bag of meat
    28 | D        | Noticed a large bag of meat
    28 | D        | Noticed an eight-headed meat hydra
    29 | D        | Noticed a sculptor of flesh
    30 | D        | Reached XP level 19. HP: 89/174 MP: 0/0
    30 | D        | Learned a level 7 spell: Ozocubu's Refrigeration
    30 | D        | Killed a destroyer
    30 | D        | Noticed a destroyer
    31 | D        | Reached skill level 27 in Axes
    32 | D        | Killed a destroyer
    32 | D        | Killed a meat berserker
    32 | D        | Noticed a sculptor of flesh
    33 | D        | Noticed a destroyer
    33 | D        | Noticed a sculptor of flesh
    34 | D        | Killed a meat berserker
    35 | D        | Reached XP level 20. HP: 55/181 MP: 0/0
    35 | D        | Demolished by a meat berserker

Illustrated notes

Levels and vault maps discovered:
D:        meatsprint

Skill      XL: |  1  2  3  4  5  6  7  8  9 10 11 12 13 14 15 16 17 18 19 |
---------------+----------------------------------------------------------+-----
Fighting       | 17 19 20 23 25 27 | 27.0
Axes           | 3 5 6 9 12 15 20 25 27 | 27.0
Dodging        | 18 20 21 24 26 27 | 27.0
Stealth        | 6 7 8 9 10 12 13 16 | 16.4
Unarmed Combat | 17 19 20 22 23 | 23.4
Spellcasting   | 1 7 11 16 19 26 | 26.1

Action                   |  1- 3 |  4- 6 |  7- 9 | 10-12 | 13-15 | 16-18 | 19-21 || total
-------------------------+-------+-------+-------+-------+-------+-------+-------++-------
Melee: Executioner's axe |     1 |       |       |     1 |     6 |     8 |     3 ||    19
 Cast: Poisonous Vapours |       |       |       |     1 |       |       |       ||     1
       Death Channel     |       |       |       |       |       |     1 |       ||     1
Dodge: Dodged            |       |       |       |     1 |     1 |     1 |       ||     3

Table legend: (Time is in decaauts)
 A = Elapsed time spent in this place.
 B = Non-inter-level travel time spent in this place.
 C = Inter-level travel time spent in this place.
 D = Time resting spent in this place.
 E = Time spent auto-exploring this place.
 F = Levels seen in this place.
 G = Mean time per level.
                   A        B        C        D        E       F      G
               +--------+--------+--------+--------+--------+-----+--------+
         Total |     37 |     37 |      0 |      0 |      0 |   1 |   37.0 |
       Dungeon |     37 |     37 |      0 |      0 |      0 |   1 |   37.0 |
               +--------+--------+--------+--------+--------+-----+--------+

Top non-repeatable levels by time:
       D: 37 daAuts
